AoeStats
← [SotC] Legend

Arabia

510319373Analyzed
1v1 RM · 1d ago on Sep 30, 2026· 28m 25s· 2 players
Game mode
Random Map
Map size
Tiny (2 player)
Population
200
Speed
Normal
Resources
Standard
Victory
Conquest
Starting age
Dark Age
Ending age
Imperial Age
RankedLock teamsTeams togetherTeam positionsShared explorationLock speedFull tech treeHidden civsTurbo modeCheats
Victory
Defeat
🇪🇸 Danes · Spain
1724
+18
🇦🇷 Inca · Argentina
1774
-18
Mulitasking
6:35 Loom
10:57 Feudal Age
10:58 Man-at-Arms
12:14 Double-Bit Axe
14:25 Arson
17:02 Scale Mail Armor
19:14 Wheelbarrow
19:58 Forging
22:21 Castle Age
20:18 Horse Collar
21:11 Forging
23:19 Chain Mail Armor
23:21 Squires
24:32 Gold Mining
25:21 Gambesons
25:39 Town Watch
25:49 Gambesons
26:56 Iron Casting
[SotC] Legend
8:59 Loom
11:42 Feudal Age
13:19 Champi Runner
13:50 Double-Bit Axe
20:36 Scale Mail Armor
22:27 Arson
26:20 Castle Age
24:58 Forging
24:48 Horse Collar
27:20 Chain Mail Armor
27:25 Squires
27:01 Champi Warrior
27:58 Squires
Connection lost

Rejoining the realm…

Still unreachable

The connection could not be restored.

Session expired

The server has moved on; the page needs a fresh start.